 Dungeon Crawl Stone Soup version 0.29.1-1-gd02db6906a (webtiles) character file.

Game seed: 4080838608371269534

106 sankara the Covered (level 4, -1/41 HPs)
             Began as a Minotaur Fighter on Oct 16, 2022.
             Killed from afar by an orc wizard (5 damage)
             ... with a magic dart
             ... on level 4 of the Dungeon.
             The game lasted 00:03:30 (2374 turns).

sankara the Covered (Minotaur Fighter)              Turns: 2374, Time: 00:03:30

Health: -1/41      AC: 11    Str: 21    XL:     4   Next: 55%
Magic:  3/3        EV: 10    Int:  5    God:
Gold:   195        SH:  0    Dex:  9    Spells: 3/3 levels left

rFire   + . .      SeeInvis .   a - +0 war axe
rCold   . . .      Faith    .   c - +0 buckler
rNeg    . . .      Spirit   .   w - +3 ring mail of Kat Vopn {Rampage rF+ rCorr Dex-2}
rPois   .          Reflect  .   (helmet restricted)
rElec   .          Harm     .   (no cloak)
rCorr   +          Rampage  +   (no gloves)
Will    .....                   n - +1 pair of boots
Stlth   ..........              (no amulet)
HPRegen 0.13/turn               (no ring)
MPRegen 0.08/turn               (no ring)

@: confused
A: horns 2, retaliatory headbutt
a: no special abilities


You were on level 4 of the Dungeon.
You visited 1 branch of the dungeon, and saw 4 of its levels.

You collected 195 gold pieces.

Inventory:

Hand Weapons
 a - a +0 war axe (weapon)
Missiles
 e - 35 stones
 k - 3 poisoned darts
 r - 3 boomerangs (quivered)
Armour
 c - a +0 buckler (worn)
 n - a +1 pair of boots (worn)
 o - a +0 plate armour
 w - the +3 ring mail of Kat Vopn (worn) {Rampage rF+ rCorr Dex-2}
   (You found it on level 3 of the Dungeon)

   Dex:       It affects your dexterity (-2).
   rF:        It protects you from fire.
   rCorr:     It protects you from acid and corrosion.
   Rampage:   It bestows one free step when moving towards enemies.
Jewellery
 s - a +4 ring of evasion
Scrolls
 g - a scroll of poison {unknown}
 i - 3 scrolls of teleportation {unknown}
 p - a scroll of butterflies {unknown}
 q - a scroll of amnesia {unknown}
 t - a scroll of acquirement {unknown}
 u - a scroll of magic mapping {unknown}
 x - a scroll of brand weapon {unknown}
Potions
 b - a potion of heal wounds {unknown}
 d - a potion of might
 f - 4 potions of curing {unknown}
 h - a potion of degeneration {unknown}
 j - a potion of berserk rage {unknown}
 l - 2 potions of haste {unknown}
 m - a potion of resistance {unknown}
 v - a potion of lignification {unknown}


   Skills:
 + Level 4.4 Fighting
 * Level 4.3 Axes
 + Level 4.4 Armour
 - Level 4.0 Shields


You had 3 spell levels left.
You didn't know any spells.
Your spell library contained the following spells:

 Spells                   Type           Power      Damage    Failure   Level
 Magic Dart               Conj           0%         1d3       73%         1
 Call Imp                 Summ           0%         N/A       86%         2
 Mephitic Cloud           Conj/Pois/Air  0%         N/A       97%         3


Dungeon Overview and Level Annotations

Branches:
Dungeon (4/15)
 Temple: D:4-7

Altars:
Wu Jian

Shops:
D:3 :


Innate Abilities, Weirdness & Mutations

You have a pair of horns on your head.
You reflexively headbutt those who attack you in melee.


Message History

Something tries to affect you, but you resist.
You rampage towards the ball python!
You hear some strange, mumbled words.
Something tries to affect you, but you resist.
Something unexpectedly blocked you, preventing you from rampaging!
You miss something.
You hear some strange, mumbled words.
You are confused.
You miss something. Something hits you but does no damage.
You completely miss something. Your headbutt misses something.
The orc priest invokes the aid of Beogh against you.
Something writhes in agony!
Something hits you.
You hit the orc priest. Your headbutt misses the orc priest.
The orc priest is lightly wounded.
You barely miss something.
The orc priest hits you but does no damage.
Something hits you.
You closely miss the orc priest. Your headbutt misses the orc priest.
You closely miss something.
The orc priest casts a cantrip, but nothing happens.
You hear some strange, mumbled words.
You are more confused.
Something hits you but does no damage.
The orc priest attacks as you move away!
The orc priest hits you with a +0 hand axe.
* * * LOW HITPOINT WARNING * * *
You barely miss the orc priest. Your headbutt misses the orc priest.
You closely miss something.
The orc priest mumbles some strange prayers to Beogh against you.
Beogh smites you!
* * * LOW HITPOINT WARNING * * *
Something hits you but does no damage. x2
The orc priest hits you but does no damage.
You miss the orc priest. Your headbutt misses the orc priest.
You barely miss something.
The orc priest hits you but does no damage.
You hear some strange, mumbled words.
A magic dart appears from out of thin air!
The magic dart hits you.
You die...

####### ##..##.###
##........######
##..............##
.##.....#.......@##
.).............#{o##.##
........##......S.....#
...........##.)..##...#
............#.........#
...............#...##..#
.).............#...#
...#
)..............###.# ..#
.......#......## .. ..


You could see an orc priest and a ball python.

Vanquished Creatures
  An orc wizard (D:4)
  Robin (D:3)
  An adder (D:2)
  2 dart slugs (D:1)
  A worm (D:2)
  7 ball pythons
  2 endoplasms (D:1)
  A giant cockroach (D:1)
  12 goblins
  5 hobgoblins
  A quokka (D:2)
  9 bats
  4 frilled lizards
  5 kobolds
  6 rats
58 creatures vanquished.

Notes
Turn   | Place    | Note
-------+----------+-------------------------------------------
     0 | D:1      | sankara the Minotaur Fighter began the quest for the Orb.
     0 | D:1      | Reached XP level 1. HP: 19/19 MP: 0/0
   125 | D:1      | Reached XP level 2. HP: 27/27 MP: 1/1
   573 | D:1      | Found a faded altar of an unknown god.
   607 | D:1      | Reached XP level 3. HP: 33/33 MP: 2/2
  1664 | D:3      | Found Soschagge's Book Shop.
  1735 | D:3      | Noticed Robin
  1740 | D:3      | Killed Robin
  1741 | D:3      | Reached XP level 4. HP: 31/40 MP: 3/3
  1912 | D:3      | Identified the +3 ring mail of Kat Vopn {Rampage rF+ rCorr
                  | Dex-2}
  2072 | D:3      | Found an ornate altar of the Wu Jian Council.
  2374 | D:4      | Killed from afar by an orc wizard

Illustrated notes

Levels and vault maps discovered:
D:1:      onia_arrival_pentagram, layout_loops_corners,
          hellmonk_ecumenical_altar_zigzags, grunt_decor_arrowhead
D:2:      layout_loops_cross
D:3:      layout_basic, mainiacjoe_overflow_concentric_impassable, serial_shops,
          shop, hex_tiny, uniq_robin
D:4:      layout_cave_pools, minmay_temple_entry_hall, hangedman_decor_riveting,
          minivault_5

Skill      XL: |  1  2  3  4 |
---------------+-------------+-----
Axes           | 3 4 |  4.3
Shields        | 4 |  4.0
Fighting       | 4 |  4.4
Armour         | 4 |  4.4

Action                   |  1- 3 |  4- 6 || total
-------------------------+-------+-------++-------
Melee: War axe           |    83 |    23 ||   106
       Headbutt          |    10 |       ||    10
Armor: Scale mail        |    20 |       ||    20
       Plate armour      |    24 |     5 ||    29
       Ring mail         |       |    10 ||    10
Dodge: Dodged            |    39 |     7 ||    46
Block: Buckler           |    20 |     2 ||    22
